 Dungeon Crawl Stone Soup version 0.31-a0-614-gc85dc1c48c (webtiles) character file.

Game seed: 18155187473013617969

189 mykhailok the Magician (level 6, 43/43 HPs)
             Began as a Djinni Earth Elementalist on Aug 12, 2023.
             Got out of the dungeon alive.
             The game lasted 00:09:23 (3202 turns).

mykhailok the Magician (Djinni Earth Elementalist)  Turns: 3202, Time: 00:09:24

Health: 43/43      AC:  3    Str:  7    XL:     6   Next: 0%
Gold:   164        EV: 12    Int: 19    God:
                   SH:  0    Dex: 13

rFire   + + .        (no weapon)
rCold   x . .        (no shield)
rNeg    . . .        k - +0 leather armour {Will+}
rPois   ∞            (no helmet)
rElec   .            (no cloak)
rCorr   .            (no gloves)
SInv    .            (boots unavailable)
Will    +....        (no amulet)
Stlth   ++           (no ring)
HPRegen 0.27/turn    (no ring)
MPRegen 0.00/turn

%: no passive effects
@: flying
A: sickness immunity, fire resistance 2, cold vulnerability 1, float, innate
caster, HP casting, extra vitality 1
a: no special abilities


You escaped.
You visited 1 branch of the dungeon, and saw 3 of its levels.

You collected 221 gold pieces.
You spent 57 gold pieces at shops.

Inventory:

Armour
 a - a +0 robe
 k - a +0 leather armour of willpower (worn)
Talismans
 d - a flux talisman
Scrolls
 c - a scroll of enchant weapon {unknown}
 e - a scroll of torment {unknown}
 f - 3 scrolls of teleportation
 h - 3 scrolls of amnesia
 j - a scroll of silence {unknown}
 l - a scroll of fear {unknown}
Potions
 b - 2 potions of heal wounds {unknown}
 g - a potion of curing
 i - a potion of attraction {unknown}


   Skills:
 + Level 2.2 Fighting
 - Level 0.2 Armour
 + Level 3.4 Dodging
 - Level 2.0 Stealth
 + Level 4.0 Spellcasting
 + Level 4.0 Conjurations
 + Level 4.0 Hexes
 + Level 4.0 Summonings
 + Level 4.0 Necromancy
 + Level 4.0 Translocations
 + Level 4.0 Transmutations
 + Level 4.0 Fire Magic
 + Level 4.0 Ice Magic
 + Level 4.0 Air Magic
 + Level 4.0 Earth Magic
 + Level 4.0 Poison Magic


You knew the following spells:

 Your Spells              Type           Power      Damage    Failure   Level
a - Sandblast             Erth           38%        2d10      3%          1
b - Passwall              Tmut/Erth      15%        N/A       5%          2
c - Stone Arrow           Conj/Erth      38%        3d9       11%         3
d - Petrify               Tmut/Erth      19%        N/A       36%         4
e - Slow                  Hex            76%        N/A       3%          1
f - Static Discharge      Conj/Air       38%        2-4/arc   5%          2
Your spell library was empty.

Dungeon Overview and Level Annotations

Branches:
Dungeon (3/15)

Altars:
Dithmenos

Shops:
D:2 !*[:!

Annotations:
D:3 1 transporter, greenbourne's ghost, amateur KoHu


Innate Abilities, Weirdness & Mutations

You are immune to sickness and miasma.
You are immune to poison.
Your flesh is very heat resistant. (rF++)
You are vulnerable to cold. (rC-)
You float through the air rather than walking.
You learn spells naturally, not from books.
Your magical power is your life essence.
You have superior vitality. (+4 MHP)


Message History

Your Fire Magic skill increases to level 4!
Your Ice Magic skill increases to level 4!
Your Air Magic skill increases to level 4!
Your Earth Magic skill increases to level 4!
Your Poison Magic skill increases to level 4!
You have reached level 6!
You regained 3 hp, and now have 32/43 hp.
Unknown command.
You need no library to learn spells.
Unknown command.
Things that are here:
a +0 falchion; a +0 scale mail
Okay, then.
Okay, then.
Okay, then.
Okay, then.
Found a short sword.
Health restored: 43 You see here a +0 short sword.
Greenbourne's ghost turns its malevolent gaze towards you.
You hear a shout!
There is a stone staircase leading up here.
Partly explored, unvisited transporter.
Partly explored, unvisited transporter.
Unknown command.
Saving game... please wait.
Level annotation: 1 transporter, greenbourne's ghost, amateur KoHu Welcome back, mykhailok the Djinni Earth Elementalist.
Press ? for a list of commands and other information.
You need no library to learn spells.
The ogre shouts!
You hear a shout!
There is a stone staircase leading up here.
You fly upwards.
There is a stone staircase leading down here.
There is a stone staircase leading up here.
You fly upwards.
There is a stone staircase leading down here.
There is an open door here.
There is a staircase leading out of the dungeon here.
You have escaped!

..# #.#.# ###### ).###+#.#
........# ......>.# ........#♣♣
..###+#...♣♣♣♣
......#....♣.♣♣♣♣♣♣ ♣♣♣♣♣########
#....[..#♣♣.♣.♣...♣♣♣..♣.........
#.......# ♣♣♣♣..@....♣♣.♣#..#####
#.......# ♣♣...♣♣♣♣♣♣♣##.#
........# ♣♣♣♣♣ ##.#####
........# #....... #.......#
#..##### ###.....# #..#
###.>##### #..# ##
###.#...########♣ #.[# .#
#.).#.#.........# #..#


There were no monsters in sight!

Vanquished Creatures
  An orc priest (D:3)
  An iguana (D:3)
  Terence (D:3)
  3 adders
  A shadow imp (D:3)
  3 worms (D:3)
  A dart slug (D:1)
  3 orcs (D:3)
  6 ball pythons
  5 bats
  An endoplasm (D:1)
  2 giant cockroaches (D:1)
  6 goblins
  3 hobgoblins
  2 jackals (D:3)
  9 kobolds
  6 quokkas
  4 frilled lizards
  5 rats
63 creatures vanquished.

Notes
Turn   | Place    | Note
-------+----------+-------------------------------------------
     0 | D:1      | mykhailok the Djinni Earth Elementalist began the quest for
                  | the Orb.
     0 | D:1      | mykhailok set off with the following spells memorised:
                  | Sandblast, Passwall, Stone Arrow, Petrify.
     0 | D:1      | Reached XP level 1. HP: 15/15 MP: 0/0
   167 | D:1      | Reached XP level 2. HP: 21/22 MP: 0/0
   426 | D:1      | Reached skill level 1 in Fighting
   735 | D:1      | Reached XP level 3. HP: 26/27 MP: 0/0
   735 | D:1      | Learned a level 1 spell: Slow
  1067 | D:2      | Found Hocrocol's Distillery.
  1126 | D:2      | Found Tutex's Book Emporium.
  1163 | D:2      | Found Qerawk Coxt's Antique Armour Shoppe.
  1205 | D:2      | Found Tace's Distillery.
  1209 | D:2      | Bought a potion of curing for 33 gold pieces
  1732 | D:2      | Reached XP level 4. HP: 31/32 MP: 0/0
  2050 | D:2      | Found Ytoonoe's General Store.
  2053 | D:2      | Bought a scroll of identify for 24 gold pieces
  2137 | D:3      | Found a transporter.
  2137 | D:3      | Noticed greenbourne's ghost (amateur KoHu)
  2347 | D:3      | Reached XP level 5. HP: 4/38 MP: 0/0
  2347 | D:3      | Learned a level 2 spell: Static Discharge
  2603 | D:3      | Noticed an ogre
  2603 | D:3      | Noticed an ogre
  2811 | D:3      | Found a shadowy altar of Dithmenos.
  2908 | D:3      | Noticed Terence
  2938 | D:3      | Killed Terence
  2939 | D:3      | Reached XP level 6. HP: 32/43 MP: 0/0
  3144 | D:3      | Upgraded the game from 0.31-a0-524-g2a164cf6a2 to
                  | 0.31-a0-614-gc85dc1c48c
  3202 | D:$      | Got out of the dungeon alive.

Illustrated notes

Levels and vault maps discovered:
D:1:      roderic_dead_forest, layout_basic, minmay_misc_feat_tower
D:2:      minmay_spotlight, layout_basic, serial_shops,
          nicolae_shop_real_fake_doors, shop, shop, shop, shop,
          kennysheep_generic_room_12
D:3:      layout_basic, mainiacjoe_overflow_catwalk, gammafunk_ghost_smash,
          cheibrodos_sewer_entry_bend, uniq_terence

Skill      XL: |  1  2  3  4  5 |
---------------+----------------+-----
Spellcasting   | 4 |  4.0
Conjurations   | 4 |  4.0
Hexes          | 4 |  4.0
Summonings     | 4 |  4.0
Necromancy     | 4 |  4.0
Translocations | 4 |  4.0
Transmutations | 4 |  4.0
Fire Magic     | 4 |  4.0
Ice Magic      | 4 |  4.0
Air Magic      | 4 |  4.0
Earth Magic    | 4 |  4.0
Poison Magic   | 4 |  4.0
Fighting       | 1 2 |  2.2
Stealth        | 2 |  2.0
Dodging        | 3 |  3.4
Armour         | |  0.2

Action                     |  1- 3 |  4- 6 || total
---------------------------+-------+-------++-------
  Melee: Unarmed           |       |     1 ||     1
   Cast: Sandblast         |    46 |    65 ||   111
         Slow              |       |     4 ||     4
         Stone Arrow       |       |     1 ||     1
    Use: Scroll            |       |     2 ||     2
         Potion            |       |     1 ||     1
 Armour: Robe              |     4 |       ||     4
         Leather armour    |       |     2 ||     2
  Dodge: Dodged            |     6 |    21 ||    27

Table legend: (Time is in decaauts)
 A = Elapsed time spent in this place.
 B = Non-inter-level travel time spent in this place.
 C = Inter-level travel time spent in this place.
 D = Time resting spent in this place.
 E = Time spent auto-exploring this place.
 F = Levels seen in this place.
 G = Mean time per level.
                   A        B        C        D        E       F      G
               +--------+--------+--------+--------+--------+-----+--------+
         Total |   3257 |   3168 |     89 |      0 |   2472 |   3 | 1085.7 |
       Dungeon |   3257 |   3168 |     89 |      0 |   2472 |   3 | 1085.7 |
               +--------+--------+--------+--------+--------+-----+--------+

Top non-repeatable levels by time:
     D:3: 1096 daAuts
     D:1: 1089 daAuts
     D:2: 1072 daAuts
